 Dungeon Crawl Stone Soup version 0.25-a0-603-g0321be95db (webtiles) character file.

Game seed: 10100111252776511065, levelgen mode: deterministic

644 An17 the Sneak (level 7, 0/52 HPs)
             Began as a Demonspawn Assassin on Mar 16, 2020.
             Was a Follower of Nemelex Xobeh.
             Slain by a killer bee (1 damage)
             ... summoned by the player character
             ... on level 5 of the Dungeon.
             The game lasted 00:10:30 (3133 turns).

An17 the Sneak (Demonspawn Assassin)                Turns: 3133, Time: 00:10:32

Health: 0/52       AC:  6    Str: 12    XL:     7   Next: 26%
Magic:  0/9        EV: 12    Int: 12    God:    Nemelex Xobeh [*.....]
Gold:   208        SH:  0    Dex: 16    Spells: 6/6 levels left

rFire    . . .     SeeInvis .   a - +2 dagger
rCold    . . .     Gourm    .   (no shield)
rNeg     . . .     Faith    .   h - +0 leather armour
rPois    .         Spirit   +   s - +0 helmet
rElec    .         Reflect  .   v - +0 cloak
rCorr    +         Harm     .   b - +0 pair of gloves
MR       .....                  (no boots)
Stlth    +++.......             i - amulet of the acrobat
HPRegen  0.17/turn              o - ring of resist corrosion
MPRegen  0.22/turn              (no ring)

@: lethally poisoned (0 -> -12)
A: talons 2, magic shield, magic regeneration
a: Draw Escape, Draw Destruction, Draw Summoning, Renounce Religion


You were on level 5 of the Dungeon.
You worshipped Nemelex Xobeh.
Nemelex Xobeh was aware of your devotion.
You were hungry.

You visited 1 branch of the dungeon, and saw 5 of its levels.

You collected 208 gold pieces.

Inventory:

Hand Weapons
 a - a +2 dagger (weapon)
 m - a +0 dagger of venom
 r - a +0 club
Missiles
 d - 7 poisoned darts (quivered)
 e - 2 curare-tipped darts
 t - 3 atropa-tipped darts
Armour
 b - a +0 pair of gloves (worn)
 c - a +0 cloak
 h - a +0 leather armour (worn)
 k - a +0 chain mail
 s - a +0 helmet (worn)
 v - a +0 cloak (worn)
Jewellery
 i - an amulet of the acrobat (around neck)
 o - a ring of resist corrosion (left hand)
Wands
 w - a wand of scattershot (4)
Scrolls
 l - 3 scrolls of remove curse
 n - 2 scrolls of teleportation
 u - a scroll of fear
Potions
 g - a potion of curing
 j - 2 potions of heal wounds
 p - a potion of mutation
Comestibles
 f - 3 rations


   Skills:
 + Level 3.4 Fighting
 + Level 3.9 Short Blades
 + Level 2.3 Throwing
 + Level 2.1 Armour
 + Level 2.2 Dodging
 - Level 5.3 Stealth
 * Level 3.0 Invocations


You had 6 spell levels left.
You didn't know any spells.
Your spell library was empty.

Dungeon Overview and Level Annotations

Branches:
Dungeon (5/15)
 Temple: D:4-7

Altars:
Elyvilon
Gozag
Nemelex Xobeh

Shops:
D:4 [


Innate Abilities, Weirdness & Mutations

You have razor-sharp toenails.
When hurt, damage is shared between your health and your magic reserves.
You regenerate magic rapidly.


Message History

* * * LOW HITPOINT WARNING * * *
Your killer bee barely misses the killer bee.
The killer bee stings you!
* * * LOW HITPOINT WARNING * * *
You are more poisoned.
The killer bee poisons you!
You barely miss the killer bee.
The killer bee is moderately wounded.
* * * LOW HITPOINT WARNING * * *
You feel sick.
Your killer bee stings the killer bee.
The killer bee stings you but does no damage.
Your killer bee closely misses the killer bee.
You hit the killer bee. You claw the killer bee.
The killer bee is severely wounded.
* * * LOW HITPOINT WARNING * * *
You feel sick. The killer bee stings you.
Your killer bee closely misses the killer bee.
The killer bee stings you.
You die...
Your body glows slightly and disappears.

#.#.#.....#.# #.......#. #.#
####.[#.# #.......#.
#.#.##......# #.......#.
#.#...[.....# #.......#.
#.######..######.......#.
#.#..y..y>...............
####.#.#ยง####y#######.......##
......y....##y# #.......#
#############@# #.......# #<#
######### ###


You could see a killer bee and 2 friendly killer bees.

Vanquished Creatures
  A phantom (D:5)
  An ogre (D:4)
  A howler monkey (D:3)
  A crimson imp (D:4)
  A quasit (D:4)
  Natasha (D:2)
  2 iguanas (D:4)
  A worker ant (D:5)
  Robin (D:3)
  6 adders
  An adder skeleton (D:4)
  4 worms
  3 dart slugs
  2 leopard geckos (D:1)
  4 orcs (D:3)
  8 bats
  3 giant cockroaches
  8 hobgoblins
  8 jackals
  2 quokkas
  2 ball pythons
  3 frilled lizards
  18 goblins
  10 kobolds
  6 rats
98 creatures vanquished.

Vanquished Creatures (collateral kills)
  Prince Ribbit (D:5)
1 creature vanquished.

Grand Total: 99 creatures vanquished

Notes
Turn   | Place    | Note
-------+----------+-------------------------------------------
     0 | D:1      | An17 the Demonspawn Assassin began the quest for the Orb.
     0 | D:1      | Reached XP level 1. HP: 16/16 MP: 1/1
   170 | D:1      | Reached skill level 4 in Stealth
   187 | D:1      | Gained mutation: You have sharp toenails. [demonic
                  | ancestry]
   187 | D:1      | Reached XP level 2. HP: 9/22 MP: 2/2
   876 | D:2      | Gained mutation: You have razor-sharp toenails. [demonic
                  | ancestry]
   876 | D:2      | Reached XP level 3. HP: 27/27 MP: 3/3
  1022 | D:2      | Reached skill level 1 in Dodging
  1095 | D:2      | Gained mutation: When hurt, damage is shared between your
                  | health and your magic reserves. [demonic ancestry]
  1095 | D:2      | Reached XP level 4. HP: 30/34 MP: 4/4
  1097 | D:2      | Found an opulent altar of Gozag.
  1469 | D:2      | Noticed Natasha
  1482 | D:2      | Killed Natasha
  1482 | D:2      | Reached skill level 5 in Stealth
  1569 | D:3      | Reached XP level 5. HP: 24/40 MP: 5/5
  1602 | D:3      | Found a white marble altar of Elyvilon.
  1641 | D:3      | Found a sparkling altar of Nemelex Xobeh.
  1665 | D:3      | Became a worshipper of Nemelex Xobeh the Trickster
  1769 | D:3      | Received a gift from Nemelex Xobeh
  2210 | D:3      | Noticed Robin
  2240 | D:3      | Killed Robin
  2406 | D:4      | Noticed an ogre
  2413 | D:4      | Killed an ogre
  2413 | D:4      | Reached skill level 1 in Armour
  2413 | D:4      | Reached skill level 1 in Invocations
  2413 | D:4      | Reached XP level 6. HP: 37/47 MP: 5/7
  2433 | D:4      | Reached * piety under Nemelex Xobeh
  2643 | D:4      | Found Upaig's Antique Armour Emporium.
  2864 | D:5      | Entered Level 5 of the Dungeon
  2958 | D:5      | Gained mutation: You regenerate magic rapidly. [demonic
                  | ancestry]
  2958 | D:5      | Reached XP level 7. HP: 14/52 MP: 2/8
  3032 | D:5      | Received a gift from Nemelex Xobeh
  3110 | D:5      | Noticed Prince Ribbit
  3126 | D:5      | Killed Prince Ribbit
  3128 | D:5      | HP: 2/52 [killer bee[the player character] (3)]
  3133 | D:5      | HP: 1/52 [poisoned by a killer bee]
  3133 | D:5      | Slain by a killer bee

Levels and vault maps discovered:
D:1:      eino_arrival_cavern_d, layout_basic
D:2:      layout_loops_cross, grunt_gozag_statues, uniq_natasha
D:3:      layout_loops_ring, elyvilon_altar_3, overflow_temple_1_default,
          serial_forest, infiniplex_forest_end_3, infiniplex_forest_zigzag_2,
          infiniplex_forest_clump_tiny, infiniplex_forest_lined_room_3,
          infiniplex_forest_lined_room_, uniq_robin
D:4:      layout_rooms, first_ration, serial_shops, shop,
          chequers_serial_rivers_micro_a
D:5:      layout_basic, temple_fountains, minmay_misc_feat_plants,
          kb_lookout_dungeons_type, uniq_prince_ribbit1

Skill      XL: |  1  2  3  4  5  6  7 |
---------------+----------------------+-----
Stealth        | 4 5 |  5.3
Short Blades   | 2 3 |  3.9
Throwing       | 2 |  2.3
Dodging        | 1 2 |  2.2
Fighting       | 3 |  3.4
Armour         | 1 2 |  2.1
Invocations    | 1 2 3 |  3.0

Action                   |  1- 3 |  4- 6 |  7- 9 || total
-------------------------+-------+-------+-------++-------
Melee: Dagger            |   109 |   249 |    13 ||   371
       Kick              |    21 |    58 |     2 ||    81
Throw: Dart              |     3 |    13 |       ||    16
Invok: Draw Destruction  |       |     2 |     1 ||     3
       Draw Summoning    |       |       |     1 ||     1
  Use: Scroll            |     1 |     5 |     2 ||     8
       Potion            |       |       |     3 ||     3
 Stab: Sleeping          |     9 |    12 |     1 ||    22
  Eat: Ration            |       |     2 |       ||     2
Armor: Leather armour    |    26 |    59 |     5 ||    90
       Robe              |     3 |       |       ||     3
Dodge: Dodged            |    71 |   141 |    16 ||   228

Table legend:
 A = Non-vault XP
 B = Vault XP
 C = Vault XP percentage of total XP
 D = Non-vault monster count
 E = Vault monster count
 F = Vault count percentage of total count
                 A         B        C        D         E       F
            +---------+---------+-------+---------+---------+-------
      Total |     729 |     191 |  20.8 |      90 |       9 |   9.1
            +---------+---------+-------+---------+---------+-------
        D:1 |      36 |       0 |   0.0 |      23 |       0 |   0.0
        D:2 |      93 |      36 |  27.9 |      26 |       1 |   3.7
        D:3 |     136 |      27 |  16.6 |      29 |       7 |  19.4
        D:4 |     291 |       0 |   0.0 |       8 |       0 |   0.0
        D:5 |     173 |     128 |  42.5 |       4 |       1 |  20.0
            +---------+---------+-------+---------+---------+-------
